 Dungeon Crawl Stone Soup version 0.19.1-1-g22dce08 (webtiles) character file.

66264 Colliwobble the Severer (level 14, -4/137 HPs)
             Began as a Minotaur Berserker on Dec 31, 2016.
             Was a High Priest of Trog.
             Slain by an orc knight
             ... wielding a +2 battleaxe of freezing
              (24 damage)
             ... on level 2 of the Orcish Mines.
             The game lasted 00:54:26 (21553 turns).

Colliwobble the Severer (Minotaur Berserker)       Turns: 21553, Time: 00:54:27

Health: -4/137     AC: 27    Str: 28    XL:     14   Next: 78%
Magic:  0/13       EV:  9    Int:  4    God:    Trog [*****.]
Gold:   2151       SH:  0    Dex: 11    Spells: 0 memorised, 13 levels left

rFire  . . .     SeeInvis +     a - +0 battleaxe of Wuiwu {chop, Str+2}
rCold  . . .     Gourm    .     v - +0 crystal plate armour
rNeg   . . .     Faith    .     (shield currently unavailable)
rPois  +         Spirit   +     N - +0 hat
rElec  .         Reflect  .     p - +2 cloak
rCorr  .         Harm     .     (no gloves)
MR     +++..                    (no boots)
Stlth  ..........               J - amulet of guardian spirit
                                s - ring of see invisible
                                I - ring of poison resistance

@: about to teleport, regenerating, drained
A: retaliatory headbutt, horns 2
a: Berserk, Trog's Hand, Brothers in Arms, Burn Spellbooks, Renounce Religion


You were on level 2 of the Orcish Mines.
You worshipped Trog.
Trog was extremely pleased with you.
You were hungry.

You visited 4 branches of the dungeon, and saw 20 of its levels.
You also visited: Labyrinth, Sewer and Bailey.

You collected 2255 gold pieces.
You spent 104 gold pieces at shops.

Inventory:

Hand Weapons
 a - the +0 battleaxe of Wuiwu (weapon) {chop, Str+2}
   (Trog gifted it to you on level 1 of the Orcish Mines)

   It inflicts extra damage upon your enemies.
   It affects your strength (+2).
 b - a +4 longbow of freezing
 Z - the +3 quarterstaff of Compulsion {crush, rElec rF+++ Str-3 Int+3}
   (You found it in a labyrinth)

   It inflicts extra damage upon your enemies.
   It affects your strength (-3).
   It affects your intelligence (+3).
   It renders you almost immune to fire.
   It insulates you from electricity.
Missiles
 E - 7 throwing nets (quivered)
 G - 344 arrows
Armour
 p - a +2 cloak (worn)
 v - a +0 crystal plate armour (worn)
 N - a +0 hat (worn)
Jewellery
 s - a ring of see invisible (right hand)
 u - a +4 ring of protection
 I - a ring of poison resistance (left hand)
 J - an amulet of guardian spirit (around neck)
 L - an uncursed ring of resist corrosion
 W - the ring "Raryrchioqe" {rC+ Str-3 Int+4 Dex+5}
   (You found it in a labyrinth)

   [ring of intelligence]

   It affects your strength (-3).
   It affects your intelligence (+4).
   It affects your dexterity (+5).
   It protects you from cold.
Wands
 r - a wand of slowing (27/48)
 x - a wand of iceblast (4/15)
 y - a wand of digging (24/24)
 A - a wand of disintegration (12/24)
 F - a wand of lightning (10/15)
 T - a wand of acid (5/15)
 X - a wand of acid (9/15)
Scrolls
 e - 5 scrolls of teleportation
 f - 6 scrolls of enchant armour
 h - 8 scrolls of remove curse
 k - 4 scrolls of enchant weapon
 l - 3 scrolls of blinking
 m - 3 scrolls of fog
 q - 2 scrolls of identify
 Q - 4 scrolls of magic mapping
 R - 2 scrolls of fear
 S - a scroll of recharging
Potions
 i - a potion of heal wounds
 j - 2 potions of agility
 n - 7 potions of curing
 t - a potion of cure mutation
 z - 4 potions of ambrosia {unknown}
 C - 3 potions of might {unknown}
 D - 4 potions of brilliance {unknown}
 K - a potion of beneficial mutation {unknown}
 M - 3 potions of haste {unknown}
 O - a potion of flight {unknown}
 P - a potion of cancellation {unknown}
 U - a potion of berserk rage {unknown}
Comestibles
 c - 14 bread rations
 g - 12 meat rations
 o - 5 chunks of flesh
 w - 2 royal jellies
 B - 9 beef jerkies
 H - 42 fruits
 V - 8 slices of pizza


   Skills:
 - Level 16.0(15.7) Fighting
 - Level 16.0(15.7) Axes
 - Level 7.4(7.2) Bows
 + Level 15.3(15.1) Armour
 + Level 7.4(7.2) Dodging


You had 13 spell levels left.
You didn't know any spells.

Dungeon Overview and Level Annotations

Branches:
Dungeon (12/15)            Temple (1/1) D:7            Lair (5/6) D:8
  Swamp (0/4) Lair:2       Spider (0/4) Lair:4          Orc (2/2) D:12
    Elf (0/3) Orc:2
  Slime: Lair:5-6

Altars:
Ashenzari
Cheibriados
Dithmenos
Hepliaklqana
Kikubaaqudgha
Makhleb
Okawaru
Qazlal
Ru
Sif Muna
Trog
Uskayaw
Vehumet
Zin
Beogh

Shops:
D:9 **   D:12 [   Orc:2 (


Innate Abilities, Weirdness & Mutations

You reflexively headbutt those who attack you in melee.
You have a pair of horns on your head.


Message History

* * * LOW HITPOINT WARNING * * *
The orc knight freezes you.
* * * LOW HITPOINT WARNING * * *
The orc knight barely misses your ogre.
The orc high priest barely misses your ogre.
The orc warrior completely misses you.
Your ogre closely misses the orc knight.
You see here a giant club.
Your ogre hits the orc knight with a giant club!!
Things that are here:
a dagger; a robe
As you read the scroll of teleportation, it crumbles to dust.
You feel strangely unstable.
The orc high priest mumbles some strange prayers to Beogh against you.
Beogh smites you!
* * * LOW HITPOINT WARNING * * *
The orc high priest calls upon Beogh to heal the orc warrior.
The orc warrior's wounds heal themselves!
The orc knight hits you with a battleaxe of freezing!!
You die...

###.##..#.o..ยง. ###..)..........
#.##.#..#.... #.#.............
........# #.#.............
........## ##...............
.........# #.o..............
.........## #.)o.............
##........## ###o[o.............
##........####.oO)).............
##............@................
####............)................
.#.##............................
.................................
.................................
.........#................#......
.#.....####......................
###......#.......................
#........#.........#............


You could see an orc knight, 2 orc high priests, an orc sorcerer, an orc warrior
and a friendly ogre (berserk).

Vanquished Creatures
  A minotaur (Lab)
  The ghost of someotherguy6 the Fighter, a journeyman NaBe of Trog (Bailey)
  Fannar (D:10)
  A hydra (D:11)
  The ghost of BluePsion the Anointer, a journeyman DECj of Vehumet (D:7)
  An ogre mage (Orc:1)
  An orc high priest (Orc:2)
  2 hill giants
  An oklob plant (Lair:3)
  2 orc knights
  An orc sorcerer (Orc:2)
  3 ugly things
  2 cyclopes
  Maurice (D:8)
  3 black mambas
  6 elephants
  A gargoyle (D:10)
  3 rime drakes
  11 spiny frogs
  6 komodo dragons
  A kobold demonologist (D:12)
  2 trolls (D:12)
  2 polar bears (Lair:4)
  2 two-headed ogres
  5 hippogriffs
  5 blink frogs
  A hornet (D:8)
  6 wyverns
  A wraith (D:12)
  A redback (Lair:4)
  A hog (D:8)
  A hill giant zombie (D:12)
  37 yaks
  A human (D:8)
  A steam dragon (Lair:2)
  2 hungry ghosts
  3 basilisks
  Grum (D:8)
  3 wargs
  8 porcupines
  4 water moccasins
  A black bear (D:10)
  3 ice beasts
  A sky beast (D:5)
  5 phantoms
  19 orc warriors
  A necrophage (D:11)
  2 eyes of draining
  17 ogres
  10 wolves
  7 centaurs
  16 crocodiles
  5 big kobolds
  20 bullfrogs
  6 gnoll sergeants
  6 scorpions
  A troll zombie (D:12)
  3 wights (D:10)
  7 howler monkeys
  2 electric eels (Lair:2)
  10 crimson imps
  9 hounds
  3 quasits
  3 bullfrog zombies
  Crazy Yiuf (D:3)
  5 gnoll shamans (Bailey)
  19 orc priests
  2 centaur skeletons
  6 jellies
  Ijyb (D:3)
  3 bullfrog skeletons
  16 iguanas
  Natasha (D:4)
  22 orc wizards
  9 worker ants
  6 ogre zombies (D:12)
  2 hound zombies
  2 hound skeletons
  Robin (D:3)
  19 adders
  24 gnolls
  2 river rats (D:8)
  4 shadow imps
  An ooze (D:3)
  2 adder skeletons (D:9)
  3 worms
  A dart slug (D:1)
  7 leopard geckos
  78 orcs
  11 giant cockroaches
  21 goblins
  15 hobgoblins
  7 jackals
  A quokka (D:4)
  7 ball pythons
  9 bats
  8 frilled lizards
  A goblin skeleton (D:12)
  4 goblin zombies (D:12)
  2 hobgoblin skeletons (D:12)
  3 hobgoblin zombies (D:12)
  A jackal skeleton (D:7)
  33 kobolds
  A leopard gecko zombie (D:6)
  5 orc skeletons (D:12)
  10 orc zombies (D:12)
  A quokka skeleton (D:6)
  5 rats
  2 fungi
  A plant (Lair:3)
679 creatures vanquished.

Vanquished Creatures (collateral kills)
  A hydra (Lair:2)
  2 orc knights (Orc:2)
  An orc sorcerer (Orc:2)
  2 orc warriors (Orc:2)
  3 gnoll sergeants (Bailey)
  An orc priest (Orc:2)
  A gnoll shaman (Bailey)
  An orc wizard (Orc:2)
12 creatures vanquished.

Vanquished Creatures (others)
  An orc wizard (Orc:1)
  5 fungi
  10 plants
16 creatures vanquished.

Grand Total: 707 creatures vanquished

Notes
Turn   | Place    | Note
-------+----------+-------------------------------------------
     0 | D:1      | Colliwobble the Minotaur Berserker began the quest for the Orb.
     0 | D:1      | Reached XP level 1. HP: 19/19 MP: 0/0
   267 | D:1      | Reached XP level 2. HP: 26/26 MP: 1/1
   555 | D:1      | Reached skill level 5 in Axes
   557 | D:1      | Reached ** piety under Trog
   586 | D:1      | Reached XP level 3. HP: 30/31 MP: 2/2
  1825 | D:2      | Reached XP level 4. HP: 31/39 MP: 3/3
  1904 | D:3      | Noticed Ijyb
  1922 | D:3      | Killed Ijyb
  1963 | D:3      | Reached XP level 5. HP: 42/45 MP: 4/4
  2062 | D:3      | Noticed Robin
  2074 | D:3      | Reached *** piety under Trog
  2080 | D:3      | Killed Robin
  2130 | D:3      | Found a burning altar of Makhleb.
  2191 | D:3      | Found a runed door.
  2199 | D:3      | Noticed Crazy Yiuf
  2203 | D:3      | Killed Crazy Yiuf
  2354 | D:3      | Noticed a hungry ghost
  2364 | D:3      | Killed a hungry ghost
  2364 | D:3      | Reached XP level 6. HP: 51/51 MP: 5/5
  2434 | D:3      | Found a glowing drain.
  2439 | Sewer    | Entered a sewer
  2671 | Sewer    | Reached XP level 7. HP: 36/57 MP: 6/6
  2872 | D:3      | Found a bloodstained altar of Trog.
  3417 | D:4      | Reached skill level 10 in Axes
  4304 | D:4      | Found a glowing silver altar of Zin.
  4351 | D:4      | Reached XP level 8. HP: 54/64 MP: 7/7
  4375 | D:4      | Noticed Natasha
  4378 | D:4      | Killed Natasha
  4378 | D:4      | Reached **** piety under Trog
  4383 | D:4      | Found a hide-covered altar of Uskayaw.
  4435 | D:4      | Found a deep blue altar of Sif Muna.
  4637 | D:5      | Entered Level 5 of the Dungeon
  4666 | D:5      | Reached skill level 5 in Armour
  4742 | D:5      | Found a radiant altar of Vehumet.
  5211 | D:5      | Found a snail-covered altar of Cheibriados.
  5823 | D:6      | Received a gift from Trog
  5829 | D:6      | Reached XP level 9. HP: 68/70 MP: 8/8
  6199 | D:7      | Found a staircase to the Ecumenical Temple.
  6208 | Temple   | Entered the Ecumenical Temple
  6240 | D:7      | Found a flagged portal.
  6255 | Bailey   | Entered a bailey
  6297 | Bailey   | Noticed someotherguy6's ghost (journeyman NaBe)
  6328 | Bailey   | Killed someotherguy6's ghost
  6328 | Bailey   | Reached ***** piety under Trog
  6599 | Bailey   | Received a gift from Trog
  7242 | D:7      | Noticed BluePsion's ghost (journeyman DECj)
  7265 | D:7      | Killed BluePsion's ghost
  7265 | D:7      | Reached XP level 10. HP: 38/89 MP: 9/9
  8481 | D:8      | Found an ancient bone altar of Kikubaaqudgha.
  8500 | D:8      | Noticed Grum
  8511 | D:8      | Killed Grum
  8511 | D:8      | Received a gift from Trog
  8591 | D:8      | Reached skill level 10 in Fighting
  8604 | D:8      | Reached skill level 15 in Axes
  8794 | D:8      | Paralysed by a hornet for 3 turns
  9141 | D:8      | Found a shattered altar of Ashenzari.
  9258 | D:8      | Found a staircase to the Lair.
  9273 | D:8      | Noticed Maurice
  9421 | D:8      | Killed Maurice
  9421 | D:8      | Reached XP level 11. HP: 101/101 MP: 3/10
  9926 | D:9      | Found Kies's Elemental Accessories.
 10147 | D:9      | Found Panoesip's General Store.
 10167 | D:9      | Bought a scroll of enchant weapon for 82 gold pieces
 10167 | D:9      | Bought a scroll of fog for 22 gold pieces
 10218 | D:10     | Entered Level 10 of the Dungeon
 10218 | D:10     | Noticed a hill giant
 10334 | D:9      | Found an iron altar of Okawaru.
 10806 | D:10     | Killed a hill giant
 11014 | D:10     | Noticed Fannar
 11027 | D:10     | Killed Fannar
 11038 | D:10     | Received a gift from Trog
 11749 | Lair:1   | Entered Level 1 of the Lair of Beasts
 11829 | Lair:1   | Reached skill level 10 in Armour
 11842 | Lair:1   | Reached XP level 12. HP: 85/115 MP: 3/11
 11895 | Lair:1   | Found a labyrinth entrance.
 11904 | Lab      | Entered a labyrinth
 12384 | Lab      | Noticed a minotaur
 12396 | Lab      | Killed a minotaur
 12402 | Lab      | Got a scintillating turquoise ring
 12405 | Lab      | Got a fine quarterstaff
 12416 | Lair:1   | Identified the ring "Raryrchioqe" {rC+ Str-3 Int+4 Dex+5} (You found it in a labyrinth)
 13467 | Lair:2   | Found a staircase to the Swamp.
 13747 | Lair:2   | Noticed a five-headed hydra
 13748 | Lair:2   | Identified the +3 quarterstaff of Compulsion {crush, rElec rF+++ Str-3 Int+3} (You found it in a labyrinth)
 13755 | Lair:2   | Killed a five-headed hydra
 14333 | Lair:3   | Found a shadowy altar of Dithmenos.
 15148 | Lair:4   | Reached skill level 15 in Fighting
 15589 | Lair:4   | Received a gift from Trog
 15605 | Lair:4   | Reached XP level 13. HP: 71/127 MP: 1/12
 16056 | Lair:4   | Got a bound ruby amulet
 16057 | Lair:4   | Identified the amulet of Enkiczi {Spirit *Slow +Inv Slay+5} (You found it on level 4 of the Lair of Beasts)
 16382 | Lair:4   | Found a hole to the Spider Nest.
 16781 | Lair:5   | Found a stormy altar of Qazlal.
 16908 | Lair:5   | Reached XP level 14. HP: 108/136 MP: 4/13
 18524 | D:11     | Received a gift from Trog
 18841 | D:11     | Received a gift from Trog
 18899 | D:11     | Reached skill level 5 in Dodging
 19069 | D:12     | Found Gith's Antique Armour Shoppe.
 19132 | D:12     | Received a gift from Trog
 19458 | D:12     | Reached ****** piety under Trog
 19472 | D:12     | Found a staircase to the Orcish Mines.
 19779 | Orc:1    | Entered Level 1 of the Orcish Mines
 19796 | Orc:1    | Received a gift from Trog
 19797 | Orc:1    | Got a crude battleaxe {god gift}
 19807 | Orc:1    | Identified the +0 battleaxe of Wuiwu {chop, Str+2} (Trog gifted it to you on level 1 of the Orcish Mines)
 20076 | Orc:2    | Entered Level 2 of the Orcish Mines
 20314 | Orc:1    | Found a roughly hewn altar of Beogh.
 20467 | Orc:2    | Reached skill level 15 in Armour
 20473 | Orc:2    | Found a roughly hewn altar of Beogh.
 20541 | Orc:2    | Found a staircase to the Elven Halls.
 21359 | Orc:2    | Found Uvvegh's Antique Weapon Shoppe.
 21510 | Orc:2    | Received a gift from Trog
 21553 | Orc:2    | Slain by an orc knight

Skill      XL: |  1  2  3  4  5  6  7  8  9 10 11 12 13 14 |
---------------+-------------------------------------------+-----
Axes           | 4 5 6 7 8 9 11 12 14 15 16 | 16.0
Armour         | 4 7 10 13 15 | 15.3
Fighting       | 8 10 13 15 16 | 16.0
Bows           | 7 |  7.4
Dodging        | 7 |  7.4

Action                   |  1- 3 |  4- 6 |  7- 9 | 10-12 | 13-15 || total
-------------------------+-------+-------+-------+-------+-------++-------
Melee: Hand axe          |    96 |   130 |       |       |       ||   226
       Headbutt          |    12 |    22 |    71 |   124 |    99 ||   328
       War axe           |       |       |   349 |   127 |       ||   476
       Battleaxe         |       |       |       |   478 |   466 ||   944
       Quarterstaff      |       |       |       |     5 |     3 ||     8
 Fire: Shortbow          |       |       |     5 |    18 |    11 ||    34
Throw: Throwing net      |       |       |       |     1 |       ||     1
Invok: Berserk           |       |     1 |     2 |     5 |     1 ||     9
       Trog's Hand       |       |       |     2 |     2 |     3 ||     7
       Brothers in Arms  |       |       |     1 |     1 |     2 ||     4
Evoke: Wand              |       |       |       |     2 |       ||     2
  Use: Scroll            |       |       |     8 |    12 |     7 ||    27
       Potion            |       |       |       |       |     1 ||     1
 Stab: Distracted        |       |       |     1 |       |       ||     1
  Eat: Chunk             |     3 |     5 |    12 |    30 |    23 ||    73
       Bread ration      |       |       |     1 |       |       ||     1
       Beef jerky        |       |       |     1 |       |       ||     1
       Pizza             |       |       |       |     1 |       ||     1
Armor: Animal skin       |    15 |       |       |       |       ||    15
       Ring mail         |     4 |     9 |       |       |       ||    13
       Chain mail        |       |    64 |   185 |   290 |    24 ||   563
       Plate armour      |       |       |       |       |    70 ||    70
       Crystal plate arm |       |       |       |       |   184 ||   184
Dodge: Dodged            |    62 |    49 |   161 |   238 |   174 ||   684
